 Dungeon Crawl Stone Soup version 0.18.1-8-gdd0e5ea (webtiles) character file.

4814 striepan the Carver (level 10, -3/92 HPs)
             Began as a Minotaur Fighter on May 26, 2016.
             Was a Priest of Okawaru.
             Slain by a yak (8 damage)
             ... on level 7 of the Dungeon on May 27, 2016.
             The game lasted 00:59:36 (8330 turns).

striepan the Carver (Minotaur Fighter)              Turns: 8330, Time: 00:59:37

Health: -3/92      AC: 14    Str: 21    XL:     10   Next: 24%
Magic:  10/10      EV:  4    Int:  5    God:    Okawaru [***...]
Gold:   433        SH:  9    Dex: 13    Spells: 0 memorised, 9 levels left

rFire  . . .     SeeInvis +     a - +0 long sword
rCold  . . .     Gourm    .     C - +0 plate armour (curse)
rNeg   . . .     Faith    .     c - +0 shield
rPois  .         Spirit   .     t - +1 hat
rElec  .         Dismiss  .     u - +0 cloak
rCorr  .         Reflect  .     (no gloves)
SustAt .         Harm     .     (no boots)
MR     .....                    y - amulet of regeneration
Stlth  ..........               s - ring of see invisible
                                (no ring)

@: not resistant to hostile enchantments, extremely unstealthy
A: retaliatory headbutt, horns 2
a: Heroism, Renounce Religion


You were on level 7 of the Dungeon.
You worshipped Okawaru.
Okawaru was most pleased with you.
You were not hungry.

You visited 2 branches of the dungeon, and saw 9 of its levels.

You collected 433 gold pieces.

Inventory:

Hand Weapons
 a - a +0 long sword (weapon)
Armour
 b - a +0 scale mail
 c - a +0 shield (worn)
 t - a +1 hat (worn)
 u - a +0 cloak (worn)
 C - a cursed +0 plate armour (worn)
Jewellery
 m - an uncursed amulet of dismissal
 s - a ring of see invisible (right hand)
 y - an amulet of regeneration (around neck)
Wands
 w - a wand of teleportation (6/9)
 E - a wand of random effects (25/48)
Scrolls
 g - a scroll of immolation {unknown}
 h - a scroll of teleportation {unknown}
 l - 3 scrolls of remove curse
 n - a scroll of enchant armour {unknown}
 o - 4 scrolls of fog {unknown}
 p - 2 scrolls of noise {unknown}
 B - a scroll of amnesia {unknown}
Potions
 d - a potion of lignification {unknown}
 k - 2 potions of magic
 q - a potion of might
 v - a potion of resistance {unknown}
 x - a potion of mutation {unknown}
 z - a potion of degeneration {unknown}
 A - a potion of agility {unknown}
 D - a potion of invisibility {unknown}
 G - a potion of curing
 H - a potion of berserk rage {unknown}
 J - a potion of flight {unknown}
Books
 F - a book of Enchantments

   Spells                             Type                      Level
   a - Cause Fear                     Hexes                        4
   b - Yara's Violent Unravelling     Hexes/Transmutation          5
   c - Silence                        Hexes/Air                    5
   d - Deflect Missiles               Charms/Air                   6
   e - Haste                          Charms                       6
   f - Discord                        Hexes                        8
Comestibles
 f - 6 bread rations
 j - 4 meat rations
 r - 2 fruits
 I - 8 slices of pizza


   Skills:
 + Level 9.6 Fighting
 - Level 14.4 Long Blades
 - Level 5.0 Armour
 - Level 3.6 Shields
 - Level 2.2 Invocations


You had 9 spell levels left.
You didn't know any spells.

Dungeon Overview and Level Annotations

Branches:
Dungeon (8/15)             Temple (1/1) D:7            Lair (0/8) D:8

Altars:
Ashenzari
Dithmenos
Elyvilon
Fedhas
Gozag
Kikubaaqudgha
Makhleb
Okawaru
Pakellas
Qazlal
Ru
Sif Muna
Trog
Vehumet
Xom
Yredelemnul
Zin
The Shining One

Shops:
D:6 =   D:7 }


Innate Abilities, Weirdness & Mutations

You reflexively headbutt those who attack you in melee.
You have a pair of horns on your head.


Message History

The orc wizard appears confused.
You barely miss the death yak. You headbutt the death yak.
You kill the death yak!
Okawaru is honoured by your kill.
Your Fighting skill increases to level 9!
Your life force feels restored.
The killer bee zombie hits you but does no damage.
The porcupine bites you but does no damage.
The worker ant seems to regain its courage.
The killer bee zombie hits you.
* * * LOW HITPOINT WARNING * * *
You block the yak's attack.
The porcupine bites you but does no damage.
You block the killer bee zombie's attack.
You climb upwards.
There is a stone staircase leading down here.
You slash the yak! Your headbutt misses the yak.
The yak is heavily wounded.
The yak gores you!
You die...

########## #........#
#........# #.....@†.#
#.....Yr.###
#..........##
#........#..## ##
#........##..#### ####.
#######(.###......###....
#.....').##........#..###
#.....#..............##
###'#####.............###


You could see a yak and a porcupine.

Vanquished Creatures
  A death yak (D:8)
  The ghost of Gekot the Covert, a novice SpEn (D:5)
  Grinder (D:3)
  Sigmund (D:3)
  2 yaks (D:7)
  A human (D:7)
  A porcupine (D:7)
  An ice beast (D:7)
  2 orc warriors (D:6)
  3 phantoms
  A black bear (D:6)
  A necrophage (D:5)
  2 ogres
  4 centaurs
  A big kobold (D:6)
  Blork the orc (D:5)
  A giant frog (D:7)
  3 scorpions
  6 killer bees (D:7)
  2 crimson imps
  A giant frog zombie (D:6)
  3 giant frog skeletons
  3 orc priests
  A centaur skeleton (D:6)
  9 orc wizards
  A gnoll shaman (D:4)
  3 hounds
  Crazy Yiuf (D:3)
  Natasha (thrice) (D:4)
  2 iguanas
  5 worker ants
  2 sheep (D:7)
  A worker ant zombie (D:7)
  12 gnolls
  9 adders
  A shadow imp (D:6)
  An ooze (D:2)
  3 worms
  4 dart slugs
  2 giant geckos
  23 orcs
  6 bats (D:1)
  6 giant cockroaches
  7 goblins
  10 hobgoblins
  12 jackals
  3 quokkas
  2 ball pythons
  10 giant newts
  A jackal skeleton (D:5)
  12 kobolds
  A quokka skeleton (D:6)
  5 rats
201 creatures vanquished.

Notes
Turn   | Place    | Note
--------------------------------------------------------------
     0 | D:1      | striepan the Minotaur Fighter began the quest for the Orb.
     0 | D:1      | Reached XP level 1. HP: 19/19 MP: 0/0
    27 | D:1      | Reached skill level 3 in Long Blades
    83 | D:1      | Reached XP level 2. HP: 26/26 MP: 1/1
   395 | D:1      | Reached skill level 4 in Long Blades
   639 | D:2      | Reached XP level 3. HP: 31/31 MP: 2/2
   784 | D:2      | Reached skill level 5 in Long Blades
   792 | D:2      | Reached XP level 4. HP: 27/39 MP: 3/3
   837 | D:2      | Found an opulent altar of Gozag.
  1046 | D:3      | Reached skill level 6 in Long Blades
  1197 | D:3      | Noticed Sigmund
  1205 | D:3      | Killed Sigmund
  1205 | D:3      | Reached skill level 7 in Long Blades
  1205 | D:3      | Reached XP level 5. HP: 21/45 MP: 4/4
  1205 | D:3      | Reached XP level 6. HP: 23/51 MP: 5/5
  1544 | D:3      | Reached skill level 8 in Long Blades
  1843 | D:3      | Noticed Grinder
  1845 | D:3      | Paralysed by Grinder for 2 turns
  1853 | D:3      | Killed Grinder
  1853 | D:3      | Reached skill level 9 in Long Blades
  1853 | D:3      | Reached XP level 7. HP: 45/57 MP: 6/6
  2003 | D:3      | Noticed Crazy Yiuf
  2764 | D:3      | Killed Crazy Yiuf
  2904 | D:4      | Reached skill level 10 in Long Blades
  3201 | D:4      | Found a burning altar of Makhleb.
  3202 | D:4      | Noticed Natasha
  3202 | D:4      | Found an ancient bone altar of Kikubaaqudgha.
  3205 | D:4      | Killed Natasha
  3303 | D:4      | Found a basalt altar of Yredelemnul.
  3559 | D:4      | Found a deep blue altar of Sif Muna.
  3560 | D:4      | Noticed Natasha
  3573 | D:4      | Killed Natasha
  3603 | D:4      | Noticed Natasha
  3609 | D:4      | Killed Natasha
  3690 | D:4      | Found a shadowy altar of Dithmenos.
  3757 | D:4      | Reached skill level 11 in Long Blades
  4024 | D:4      | Found a burning altar of Makhleb.
  4025 | D:4      | Found an ancient bone altar of Kikubaaqudgha.
  4027 | D:4      | Found a basalt altar of Yredelemnul.
  4041 | D:4      | Found a shadowy altar of Dithmenos.
  4067 | D:4      | Found a deep blue altar of Sif Muna.
  4317 | D:5      | Entered Level 5 of the Dungeon
  4395 | D:5      | Noticed Gekot's ghost (novice SpEn)
  4432 | D:5      | Reached XP level 8. HP: 14/64 MP: 7/7
  4467 | D:5      | Killed Gekot's ghost
  4792 | D:5      | Found an iron altar of Okawaru.
  4802 | D:5      | Became a worshipper of Warmaster Okawaru
  4820 | D:5      | Reached skill level 12 in Long Blades
  5158 | D:5      | Reached skill level 5 in Fighting
  5295 | D:5      | Noticed Blork the orc
  5303 | D:5      | Killed Blork the orc
  5792 | D:6      | Found Enuimuh's Jewellery Shoppe.
  5831 | D:6      | Reached skill level 13 in Long Blades
  5831 | D:6      | Reached XP level 9. HP: 58/73 MP: 8/8
  5933 | D:6      | Reached * piety under Okawaru
  5936 | D:6      | Reached skill level 5 in Armour
  6052 | D:6      | Reached skill level 1 in Invocations
  6604 | D:6      | Found Enuimuh's Jewellery Shoppe.
  6655 | D:7      | Found Qayjaez's Gadget Emporium.
  6834 | D:7      | Found a staircase to the Ecumenical Temple.
  6840 | Temple   | Entered the Ecumenical Temple
  7136 | D:7      | Reached skill level 14 in Long Blades
  7137 | D:7      | Reached ** piety under Okawaru
  7430 | D:7      | Found a sacrificial altar of Ru.
  7510 | D:7      | Found a sacrificial altar of Ru.
  7541 | D:7      | Found Qayjaez's Gadget Emporium.
  7978 | D:7      | Found a staircase to the Ecumenical Temple.
  8115 | D:7      | Reached XP level 10. HP: 87/87 MP: 10/10
  8293 | D:8      | Found a staircase to the Lair.
  8293 | D:8      | Noticed a death yak
  8322 | D:8      | HP: 2/89 [orc wizard/magic dart (5)]
  8327 | D:8      | Killed a death yak
  8327 | D:8      | Reached *** piety under Okawaru
  8328 | D:8      | HP: 4/92 [killer bee zombie (4)]
  8330 | D:7      | Slain by a yak

Skill      XL: |  1  2  3  4  5  6  7  8  9 10 |
---------------+-------------------------------+-----
Long Blades    | 3 4 5 7 9 11 13 14 | 14.4
Fighting       | 5 7 9 |  9.6
Armour         | 4 5 |  5.0
Invocations    | 2 |  2.2
Shields        | |  3.6

Action                   |  1- 3 |  4- 6 |  7- 9 | 10-12 || total
-------------------------+-------+-------+-------+-------++-------
Melee: Long sword        |    94 |    89 |   501 |    48 ||   732
       Headbutt          |     8 |    21 |   101 |    14 ||   144
  Use: Potion            |       |     1 |       |     1 ||     2
       Scroll            |       |       |     5 |     2 ||     7
  Eat: Chunk             |       |     3 |    13 |       ||    16
       Bread ration      |       |       |     1 |       ||     1
       Fruit             |       |       |     1 |       ||     1
       Beef jerky        |       |       |     1 |     1 ||     2
Armor: Scale mail        |    45 |    18 |    58 |       ||   121
       Plate armour      |       |       |   133 |    35 ||   168
Dodge: Dodged            |    33 |    27 |    61 |     9 ||   130
Block: Shield            |    60 |    53 |   182 |    34 ||   329
